 Dungeon Crawl Stone Soup version 0.23-a0-398-g8eab93f (webtiles) character file.

370333 XanderDroid the Spry (level 22, -11/173 HPs)
             Began as a Gnoll Wizard on Nov 1, 2018.
             Was the Champion of Ashenzari.
             Splashed with acid (12 damage)
             ... on level 2 of the Pits of Slime on Nov 3, 2018.
             The game lasted 09:05:47 (67038 turns).

XanderDroid the Spry (Gnoll Wizard)                Turns: 67038, Time: 09:05:49

Health: -11/173    AC: 22    Str: 11    XL:     22   Next: 65%
Magic:  24/41      EV: 33    Int: 25    God:    Ashenzari [******]
Gold:   250        SH: 11    Dex: 29    Spells: 17/52 levels left

rFire    + . .     SeeInvis +   a - +8 whip "Snakebite" {curare, rPois}
rCold    + + +     Gourm    +   z - +1 buckler of the Catfish {rPois rC+ Slay+3} (curse)
rNeg     + + +     Faith    .   O - +6 acid dragon scales (curse)
rPois    +         Spirit   .   q - +0 mask of the Dragon {MR+ Slay+3 SInv} (curse)
rElec    .         Reflect  .   G - +0 cloak of Guvaupie {+Blink rPois rN+++ MR-} (curse)
rCorr    +         Harm     .   R - +0 pair of gloves "Poene" {+Fly Dex+4 Slay+2}
MR       ++++.     Clarity  +   M - +2 pair of boots {Fly}
Stlth    +++++++...             W - amulet "Edwumoen" {Gourm Dex+6} (curse)
HPRegen  0.38/turn              U - ring "Duiwar" {rPois rF+ rC+ MR+ Dex+3} (curse)
MPRegen  0.27/turn              K - ring "Muxkujif" {rC+ MR++ Int-2 Slay+2 SInv} (curse)

@: studying Dodging
A: distributed training, fangs 1, strong nose
}: 2/15 runes: decaying, gossamer
a: Curse Item, Scrying, Renounce Religion, Evoke Blink, Evoke Flight


You were on level 2 of the Pits of Slime.
You worshipped Ashenzari.
Ashenzari was exalted by your worship.
You were not hungry.

You visited 9 branches of the dungeon, and saw 41 of its levels.
You also visited: Trove, Bailey and Wizlab.

You collected 4864 gold pieces.
You spent 4614 gold pieces at shops.

Inventory:

Hand Weapons
 a - the +8 whip "Snakebite" (weapon) {curare, rPois}
   (You found it on level 5 of the Lair of Beasts)

   It poisons the flesh of those it strikes.
   It protects you from poison.
 b - a +9 quick blade of holy wrath
Armour
 q - the cursed +0 mask of the Dragon (worn) {MR+ Slay+3 SInv}
   (You bought it in a shop on level 3 of the Elven Halls)

   It affects your accuracy and damage with ranged weapons and melee attacks
   (+3).
   It affects your resistance to hostile enchantments.
   It lets you see invisible.
   It has a curse placed upon it.
 z - the cursed +1 buckler of the Catfish (worn) {rPois rC+ Slay+3}
   (You bought it in a shop on level 4 of the Dungeon)

   It affects your accuracy and damage with ranged weapons and melee attacks
   (+3).
   It protects you from cold.
   It protects you from poison.
   It has a curse placed upon it.
 G - the cursed +0 cloak of Guvaupie (worn) {+Blink rPois rN+++ MR-}
   (You found it on level 3 of the Vaults)

   It protects you from poison.
   It renders you almost immune to negative energy.
   It affects your resistance to hostile enchantments.
   It lets you blink.
   It has a curse placed upon it.
 M - a +2 pair of boots of flying (worn)
 O - cursed +6 acid dragon scales (worn)
 R - the +0 pair of gloves "Poene" (worn) {+Fly Dex+4 Slay+2}
   (You bought it in a shop on level 1 of the Elven Halls)

   It affects your dexterity (+4).
   It affects your accuracy and damage with ranged weapons and melee attacks
   (+2).
   It lets you fly.
Jewellery
 K - the cursed ring "Muxkujif" (right hand) {rC+ MR++ Int-2 Slay+2 SInv}
   (You found it in a treasure trove)

   [ring of slaying]

   It affects your intelligence (-2).
   It affects your accuracy and damage with ranged weapons and melee attacks
   (+2).
   It protects you from cold.
   It affects your resistance to hostile enchantments.
   It lets you see invisible.
   It has a curse placed upon it.
 U - the cursed ring "Duiwar" (left hand) {rPois rF+ rC+ MR+ Dex+3}
   (You found it on level 3 of the Swamp)

   [ring of protection from cold]

   It affects your dexterity (+3).
   It protects you from fire.
   It protects you from cold.
   It protects you from poison.
   It affects your resistance to hostile enchantments.
   It has a curse placed upon it.
 W - the cursed amulet "Edwumoen" (around neck) {Gourm Dex+6}
   (You took it off a deep elf mage on level 3 of the Elven Halls)

   [amulet of the gourmand]

   It allows you to eat raw meat even when not hungry.
   It affects your dexterity (+6).
   It has a curse placed upon it.
Wands
 y - a wand of flame (95)
 A - a wand of disintegration (57)
 F - a wand of acid (64)
 I - a wand of iceblast (10)
 Q - a wand of paralysis (23)
Scrolls
 h - 16 scrolls of teleportation
 i - 8 scrolls of amnesia
 j - 6 scrolls of enchant weapon
 l - 14 scrolls of identify
 v - 9 scrolls of magic mapping
 w - 5 scrolls of enchant armour
 x - 2 scrolls of acquirement
 D - a scroll of summoning
 E - 4 scrolls of blinking
 J - a scroll of brand weapon
 L - 3 scrolls of fog
 N - 2 scrolls of fear
 S - a scroll of holy word
Potions
 c - 4 potions of curing
 e - 4 potions of might
 g - 2 potions of haste
 k - 3 potions of magic
 m - 2 potions of agility
 o - 2 potions of ambrosia
 r - 2 potions of mutation
 t - 2 potions of invisibility
 B - 8 potions of brilliance
 H - 3 potions of cancellation
 P - 8 potions of resistance
Books
 n - a manual of Dodging
Comestibles
 d - 42 rations


   Skills:
 + Level 14.5 Fighting
 + Level 14.5 Short Blades
 + Level 14.5 Long Blades
 + Level 14.5 Axes
 + Level 14.5 Maces & Flails
 + Level 14.5 Polearms
 + Level 14.5 Staves
 + Level 14.5 Slings
 + Level 14.5 Bows
 + Level 14.5 Crossbows
 + Level 14.5 Throwing
 + Level 14.5 Armour
 + Level 17.9(20.3) Dodging
 + Level 14.9(17.5) Stealth
 + Level 14.5(17.0) Shields
 + Level 14.5 Unarmed Combat
 + Level 15.7 Spellcasting
 + Level 12.6(16.7) Conjurations
 + Level 12.4(16.6) Hexes
 + Level 12.4(16.6) Charms
 + Level 12.6(16.7) Summonings
 + Level 12.4(16.6) Necromancy
 + Level 12.6(16.7) Translocations
 + Level 12.4(16.6) Transmutations
 + Level 12.4(16.6) Fire Magic
 + Level 12.4(16.6) Ice Magic
 + Level 12.4(16.6) Air Magic
 + Level 12.4(16.6) Earth Magic
 + Level 12.4(16.6) Poison Magic
 + Level 15.6 Invocations
 + Level 14.5(18.5) Evocations


You had 17 spell levels left.
You knew the following spells:

 Your Spells              Type           Power        Failure   Level  Hunger
a - Magic Dart            Conj           ####         0%          1    None
b - Blink                 Tloc           N/A          0%          2    None
c - Call Imp              Summ           #######.     0%          2    None
d - Conjure Flame         Conj/Fire      #######.     0%          3    None
e - Mephitic Cloud        Conj/Pois/Air  #######.     0%          3    None
f - Airstrike             Air            #######...   1%          4    None
g - Confuse               Hex            #######.     0%          3    None
h - Petrify               Tmut/Erth      #######.     1%          4    None
i - Sticky Flame          Conj/Fire      #######.     1%          4    None
j - Flame Tongue          Conj/Fire      #####        0%          1    None
k - Swiftness             Chrm/Air       #######.     0%          2    None
l - Shock                 Conj/Air       ####         0%          1    None
m - Regeneration          Chrm/Necr      #######...   0%          3    None
n - Throw Frost           Conj/Ice       ######       0%          2    None

Your spell library contained the following spells:

 Spells                   Type           Power        Failure   Level  Hunger
 Animate Skeleton         Necr           N/A          0%          1    None
 Apportation              Tloc           ######       0%          1    None
 Confusing Touch          Hex            ######       0%          1    None
 Corona                   Hex            #######      0%          1    None
 Infusion                 Chrm           ####         0%          1    None
 Summon Butterflies       Summ           #######.     0%          1    None
 Summon Small Mammal      Summ           ####         0%          1    None
 Ensorcelled Hibernation  Hex/Ice        ######       0%          2    None
 Passwall                 Tmut/Erth      #######.     0%          2    None
 Poisonous Vapours        Pois/Air       ######       0%          2    None
 Searing Ray              Conj           ######       0%          2    None
 Shroud of Golubria       Chrm/Tloc      #######...   0%          2    None
 Slow                     Hex            #######.     0%          2    None
 Song of Slaying          Chrm           #######.     0%          2    None
 Throw Flame              Conj/Fire      ######       0%          2    None
 Dazzling Spray           Conj/Hex       ######       0%          3    None
 Gell's Gravitas          Tloc           #######...   0%          3    None
 Inner Flame              Hex/Fire       #######.     0%          3    None
 Lesser Beckoning         Tloc           #######...   0%          3    None
 Portal Projectile        Hex/Tloc       ######       0%          3    None
 Spectral Weapon          Hex/Chrm       #######.     0%          3    None
 Static Discharge         Conj/Air       #######.     0%          3    None
 Teleport Other           Tloc           #######.     0%          3    None
 Tukima's Dance           Hex            #######.     0%          3    None
 Force Lance              Conj/Tloc      #######.     1%          4    None
 Fulminant Prism          Conj/Hex       #######...   1%          4    None
 Iskenderun's Mystic Bla  Conj           #######.     1%          4    None
 Passage of Golubria      Tloc           N/A          1%          4    None
 Alistair's Intoxication  Tmut/Pois      #######.     1%          5    #......
 Bolt of Magma            Conj/Fire/Erth #######...   1%          5    #......
 Borgnjor's Vile Clutch   Necr/Erth      #######...   1%          5    #......
 Fireball                 Conj/Fire      #######...   1%          5    #......
 Lee's Rapid Deconstruct  Erth           #######...   1%          5    #......
 Lightning Bolt           Conj/Air       #######...   1%          5    #......
 Metabolic Englaciation   Hex/Ice        #######...   1%          5    #......
 Silence                  Hex/Air        #######...   1%          5    #......
 Summon Forest            Summ/Tloc      #######...   1%          5    #......
 Venom Bolt               Conj/Pois      #######...   1%          5    #......
 Yara's Violent Unravell  Hex/Tmut       #######...   1%          5    #......
 Bolt of Fire             Conj/Fire      #######...   1%          6    ####...
 Darkness                 Hex            #######...   1%          6    ####...
 Freezing Cloud           Conj/Ice/Air   #######...   1%          6    ####...
 Invisibility             Hex            #######.     1%          6    ####...
 Shadow Creatures         Summ           N/A          1%          6    ####...
 Ring of Flames           Chrm/Fire      #######...   3%          7    ######.
 Controlled Blink         Tloc           N/A          26%         8    #######


Dungeon Overview and Level Annotations

Branches:
Dungeon (15/15)            Temple (1/1) D:4            Lair (6/6) D:11
  Swamp (4/4) Lair:3       Spider (4/4) Lair:3        Slime (3/5) Lair:6
    Orc (2/2) D:11            Elf (3/3) Orc:2        Vaults (3/5) D:13
  Crypt (0/3) Vaults:2     Depths (0/5) D:15

Altars:
Ashenzari
Cheibriados
Dithmenos
Elyvilon
Fedhas
Gozag
Hepliaklqana
Kikubaaqudgha
Makhleb
Nemelex Xobeh
Okawaru
Qazlal
Ru
Sif Muna
Trog
Uskayaw
Vehumet
Wu Jian
Xom
Yredelemnul
Zin
The Shining One
Beogh
Jiyva

Shops:
D:4 [   D:8 *}:!   Orc:2 }:!(   Elf:1 [   Elf:3 [   Vaults:1 !


Innate Abilities, Weirdness & Mutations

Your experience applies equally to all skills.
You have very sharp teeth.
Your uncanny sense of smell can sniff out nearby items.


Message History

The slime creature burns!
The slime creature closely misses you. The slime creature barely misses you.
The slime creature hits you but does no damage.
The slime creature completely misses you.
Casting: Sticky Flame (safe; 1% risk of failure)
Confirm with . or Enter, or press ? or * to list all spells.
Aiming: Sticky Flame (safe; 1% risk of failure)
Press: ? - help, Shift-Dir - straight line, f - slime creature, p - slime
Aim: a slime creature The sticky flame hits the slime creature.
The slime creature is moderately wounded.
The slime creature is covered in liquid flames!
The slime creature burns! x2; The large slime creature hits you!!
* * * LOW HITPOINT WARNING * * *
The slime creature hits you but does no damage.
The slime creature completely misses you.
You block the slime creature's attack. The slime creature misses you.
You blink.
You feel slightly more hungry.
You are splashed with acid!
The walls burn you! You resist.
You die...

.............#....#
.................##
....#...........##
.....#......JJJ..#
##...........§J..##
##..#........J...#
##..............#
#....##.........#
##.#####......@## *
##* #.......## ,*
##.......# , *
##.##...# ,
#####..#* , * #...#
,, ,** ##.## , ,*
,,* ## , , **


You could see a large slime creature and 4 slime creatures.

Vanquished Creatures
  Arachne (Spider:4)
  2 deep elf master archers (Elf:3)
  A titan (Vaults:1)
  2 deep elf blademasters (Elf:3)
  3 acid blobs
  A sphinx (Vaults:2)
  3 thorn hunters
  A tengu reaver (Vaults:2)
  A fire giant (Vaults:2)
  5 deep elf sorcerers
  13 vault wardens
  A frost giant (Vaults:2)
  4 ghost moths
  An emperor scorpion (Spider:2)
  A deep elf elementalist (Elf:3)
  10 ironheart preservers
  A very ugly thing (Vaults:2)
  5 stone giants
  10 deep elf demonologists
  5 entropy weavers
  A dire elephant (D:15)
  11 deep elf annihilators
  6 spark wasps
  Snorg (Lair:4)
  An ettin (Vaults:3)
  8 deep elf death magi (Elf:3)
  A death ooze (D:13)
  4 yaktaur captains
  2 deep elf high priests (Elf:3)
  2 great orbs of eyes
  Harold (D:7)
  A fire dragon (Vaults:1)
  Fannar (Lair:1)
  3 ice dragons
  6 vault guards
  32 hydras
  A ghost crab (Swamp:4)
  A catoblepas (Lair:5)
  9 centaur warriors
  5 shambling mangroves
  A death knight (D:11)
  A merfolk avatar (Lair:6)
  25 dancing weapons
  15 alligators
  21 two-headed ogres
  5 ogre magi
  A death yak (Lair:3)
  A deep troll shaman (Vaults:1)
  2 orc high priests
  A sun demon (WizLab)
  Urug (D:10)
  31 deep elf knights
  3 skeletal warriors (Vaults:2)
  An unseen horror (shapeshifter) (Vaults:2)
  A death drake (shapeshifter) (Vaults:2)
  7 wizards
  A shadow wraith (Vaults:3)
  A flayed ghost (Vaults:1)
  A sea snake (Lair:6)
  4 unseen horrors
  5 deep trolls
  2 spriggan druids (Swamp:4)
  22 deep elf archers
  18 ironbrand convokers
  16 orc knights
  11 swamp dragons
  3 phantasmal warriors
  An orb spider (shapeshifter) (Vaults:3)
  86 deep elf magi
  17 ugly things
  A wolf spider zombie (D:15)
  Pikel (D:12)
  5 harpies (Vaults:2)
  3 necromancers
  35 wolf spiders
  23 orb spiders
  A cyclops (shapeshifter) (Vaults:3)
  8 orc sorcerers
  A shining eye (Slime:2)
  32 elephants
  5 cyclopes
  5 moths of wrath
  5 centaur zombies
  2 eyes of devastation
  A water nymph (shapeshifter) (Vaults:2)
  Joseph (D:7)
  2 torpor snails (Spider:3)
  4 vault sentinels
  5 large abominations (D:14)
  4 black mambas
  22 spiny frogs
  4 kobold demonologists
  A tormentor (Vaults:2)
  An ice devil (WizLab)
  5 rime drakes
  18 demonic crawlers
  3 freezing wraiths
  6 komodo dragons
  31 yaktaurs
  2 merfolk
  2 wind drakes
  9 trolls
  26 hornets
  43 jumping spiders
  4 polar bears
  44 slime creatures
  12 bog bodies
  4 tyrant leeches
  6 dream sheep (Lair:6)
  A meliai zombie (D:15)
  A raiju (shapeshifter) (Elf:2)
  8 hippogriffs
  5 blink frogs (Lair:5)
  An air elemental (Elf:2)
  104 redbacks
  A wraith (D:10)
  4 shadows
  3 fire elementals
  6 spriggans
  6 water elementals
  A golden eye (D:13)
  7 wyverns
  2 hungry ghosts (D:12)
  Eustachio (D:5)
  25 tarantellas
  4 basilisks
  28 yaks
  A hog (shapeshifter) (Vaults:3)
  A human (D:11)
  18 vampire mosquitoes
  13 swamp worms
  A harpy simulacrum (Vaults:1)
  2 wargs (Orc:2)
  18 insubstantial wisps
  3 acid dragons
  A soldier ant (D:12)
  A floating eye (shapeshifter) (Vaults:2)
  17 water moccasins
  4 porcupines
  4 ice beasts
  4 sky beasts
  14 swamp drakes
  42 orc warriors
  4 black bears
  4 slaves (D:8)
  A necrophage (D:9)
  2 eyes of draining
  2 phantoms
  3 wolves
  28 ogres
  19 centaurs
  14 crocodiles
  Blork the orc (D:5)
  3 big kobolds
  A gnoll sergeant (D:5)
  19 bullfrogs
  3 earth elementals
  6 small abominations (D:14)
  A wyvern skeleton (D:10)
  5 scorpions
  A scorpion (shapeshifter) (Vaults:3)
  12 killer bees
  8 wights
  2 electric eels (D:14)
  5 crimson imps
  A howler monkey (D:4)
  A lava snake (D:14)
  4 quasits
  2 bullfrog zombies
  21 orc priests
  10 hounds
  3 jellies
  6 centaur skeletons
  40 orc wizards
  2 bullfrog skeletons
  Jessica (D:2)
  7 worker ants
  3 iguanas
  A hound zombie (D:8)
  7 gnolls (Bailey)
  A howler monkey skeleton (D:4)
  16 adders
  7 shadow imps
  2 oozes
  An adder zombie (D:5)
  4 worms
  2 dart slugs (D:3)
  5 leopard geckos
  95 orcs
  2 giant cockroaches
  27 goblins
  20 hobgoblins
  2 jackals (D:6)
  9 quokkas
  10 bats
  3 frilled lizards
  A jackal skeleton (D:6)
  19 kobolds
  A leopard gecko zombie (D:7)
  5 rats
  3 briar patches (Swamp:1)
  2 fungi
  3 plants
1705 creatures vanquished.

Vanquished Creatures (collateral kills)
  An ironheart preserver (Vaults:3)
  A hydra (Lair:5)
  An orb spider (Spider:1)
  2 jumping spiders (Spider:4)
  A small abomination (D:14)
  A tarantella (Spider:4)
  A redback (Spider:4)
  A necrophage (D:7)
  A crocodile (Lair:5)
  A big kobold (D:10)
11 creatures vanquished.

Vanquished Creatures (others)
  A deep elf knight (Elf:2)
  A harpy (Vaults:2)
  A wolf spider (Spider:1)
  3 deep elf magi (Elf:1)
  An orc sorcerer (Elf:3)
  A water elemental (Elf:1)
  A swamp worm (Swamp:4)
  3 briar patches (Swamp:1)
  16 fungi
  40 plants
68 creatures vanquished.

Grand Total: 1784 creatures vanquished

Notes
Turn   | Place    | Note
-------+----------+-------------------------------------------
     0 | D:1      | XanderDroid the Gnoll Wizard began the quest for the Orb.
     0 | D:1      | Reached XP level 1. HP: 13/13 MP: 8/8
   172 | D:1      | Reached XP level 2. HP: 17/19 MP: 5/10
   190 | D:1      | Learned a level 2 spell: Blink
   193 | D:1      | Learned a level 2 spell: Call Imp
   582 | D:1      | Reached XP level 3. HP: 25/25 MP: 5/11
   587 | D:1      | Learned a level 3 spell: Conjure Flame
   591 | D:1      | Learned a level 3 spell: Mephitic Cloud
   815 | D:2      | Reached skill level 1 in Invocations
   838 | D:2      | Noticed Jessica
   881 | D:2      | Reached skill level 1 in Fighting
   881 | D:2      | Reached skill level 1 in Short Blades
   881 | D:2      | Reached skill level 1 in Long Blades
   881 | D:2      | Reached skill level 1 in Axes
   881 | D:2      | Reached skill level 1 in Maces & Flails
   881 | D:2      | Reached skill level 1 in Polearms
   881 | D:2      | Reached skill level 1 in Staves
   881 | D:2      | Reached skill level 1 in Slings
   881 | D:2      | Reached skill level 1 in Bows
   881 | D:2      | Reached skill level 1 in Crossbows
   881 | D:2      | Reached skill level 1 in Throwing
   881 | D:2      | Reached skill level 1 in Armour
   881 | D:2      | Reached skill level 1 in Shields
   881 | D:2      | Reached skill level 1 in Unarmed Combat
   881 | D:2      | Reached skill level 1 in Evocations
   969 | D:2      | Killed Jessica
   969 | D:2      | Reached XP level 4. HP: 29/32 MP: 3/13
  1125 | D:2      | Reached skill level 1 in Hexes
  1125 | D:2      | Reached skill level 1 in Charms
  1125 | D:2      | Reached skill level 1 in Necromancy
  1125 | D:2      | Reached skill level 1 in Transmutations
  1125 | D:2      | Reached skill level 1 in Fire Magic
  1125 | D:2      | Reached skill level 1 in Ice Magic
  1125 | D:2      | Reached skill level 1 in Air Magic
  1125 | D:2      | Reached skill level 1 in Earth Magic
  1125 | D:2      | Reached skill level 1 in Poison Magic
  1511 | D:3      | Reached XP level 5. HP: 37/37 MP: 14/14
  2045 | D:3      | Found a faded altar of an unknown god.
  2245 | D:4      | Reached XP level 6. HP: 39/44 MP: 6/16
  2355 | D:4      | Reached skill level 5 in Dodging
  2698 | D:4      | Found a staircase to the Ecumenical Temple.
  2714 | Temple   | Entered the Ecumenical Temple
  3108 | D:4      | Reached XP level 7. HP: 39/50 MP: 2/18
  3671 | D:4      | Found Monym's Armour Emporium.
  3684 | D:5      | Entered Level 5 of the Dungeon
  3960 | D:4      | Reached skill level 5 in Stealth
  4158 | D:5      | Noticed Eustachio
  4224 | D:5      | Reached XP level 8. HP: 57/57 MP: 7/19
  4533 | D:5      | Noticed Blork the orc
  4563 | D:5      | Killed Blork the orc
  4752 | D:5      | Killed Eustachio
  5186 | D:6      | Found a shadowy altar of Dithmenos.
  5424 | D:6      | Reached skill level 6 in Dodging
  5424 | D:6      | Reached XP level 9. HP: 56/65 MP: 15/21
  5519 | D:6      | You fall through a shaft!
  5737 | D:6      | Found a shadowy altar of Dithmenos.
  6116 | D:7      | Noticed Joseph
  6135 | D:7      | Killed Joseph
  6502 | D:7      | Noticed Harold
  7237 | D:7      | Killed Harold
  7237 | D:7      | Reached skill level 5 in Invocations
  7237 | D:7      | Reached XP level 10. HP: 35/73 MP: 5/22
  7390 | D:8      | Found Ysungoc's Book Shop.
  7476 | D:8      | Found Qityb's Gadget Shoppe.
  7482 | D:8      | Found Fekhlycon's Assorted Antiques.
  7709 | D:7      | Reached skill level 5 in Fighting
  7709 | D:7      | Reached skill level 5 in Short Blades
  7709 | D:7      | Reached skill level 5 in Long Blades
  7709 | D:7      | Reached skill level 5 in Axes
  7709 | D:7      | Reached skill level 5 in Maces & Flails
  7709 | D:7      | Reached skill level 5 in Polearms
  7709 | D:7      | Reached skill level 5 in Staves
  7709 | D:7      | Reached skill level 5 in Slings
  7709 | D:7      | Reached skill level 5 in Bows
  7709 | D:7      | Reached skill level 5 in Crossbows
  7709 | D:7      | Reached skill level 5 in Throwing
  7709 | D:7      | Reached skill level 5 in Armour
  7709 | D:7      | Reached skill level 5 in Shields
  7709 | D:7      | Reached skill level 5 in Unarmed Combat
  7709 | D:7      | Reached skill level 5 in Evocations
  8379 | D:8      | Reached skill level 7 in Dodging
  8419 | D:8      | Found Doxtaexo's Distillery.
  8751 | D:9      | Noticed Pikel
  8871 | D:9      | Found a flagged portal.
  8881 | D:9      | Found a snail-covered altar of Cheibriados.
  8904 | D:9      | Reached skill level 5 in Conjurations
  8904 | D:9      | Reached skill level 5 in Summonings
  8904 | D:9      | Reached skill level 5 in Translocations
  8953 | Bailey   | Entered a bailey
  9621 | Bailey   | Noticed an orc knight
  9663 | Bailey   | Killed an orc knight
  9671 | Bailey   | Reached XP level 11. HP: 34/78 MP: 2/24
  9925 | Bailey   | Noticed an orc knight
  9933 | Bailey   | Noticed an orc warlord
 10013 | D:9      | Noticed a two-headed ogre
 10078 | D:7      | Killed a two-headed ogre
 10431 | D:9      | Found a hazy altar of Hepliaklqana.
 10756 | D:9      | Found a shattered altar of Ashenzari.
 10757 | D:9      | Found a stormy altar of Qazlal.
 10758 | D:9      | Found a sacrificial altar of Ru.
 10758 | D:9      | Found a radiant altar of Vehumet.
 10762 | D:9      | Became a worshipper of Ashenzari the Shackled
 10958 | D:10     | Entered Level 10 of the Dungeon
 11033 | D:10     | Reached skill level 5 in Hexes
 11033 | D:10     | Reached skill level 5 in Charms
 11033 | D:10     | Reached skill level 5 in Necromancy
 11033 | D:10     | Reached skill level 5 in Transmutations
 11033 | D:10     | Reached skill level 5 in Fire Magic
 11033 | D:10     | Reached skill level 5 in Ice Magic
 11033 | D:10     | Reached skill level 5 in Air Magic
 11033 | D:10     | Reached skill level 5 in Earth Magic
 11033 | D:10     | Reached skill level 5 in Poison Magic
 11175 | D:10     | Noticed Urug
 12252 | D:10     | Killed Urug
 12401 | D:10     | Noticed a two-headed ogre
 12423 | D:10     | Killed a two-headed ogre
 12523 | D:10     | Reached skill level 8 in Dodging
 12908 | D:4      | Bought the +1 buckler of the Catfish {rPois rC+ Slay+3} for
                  | 523 gold pieces
 13154 | D:11     | Found a shimmering altar of Xom.
 13549 | D:11     | Found a staircase to the Lair.
 13882 | D:11     | Reached * piety under Ashenzari
 13954 | D:11     | Reached XP level 12. HP: 89/89 MP: 16/25
 14677 | D:10     | Reached skill level 10 in Spellcasting
 14815 | D:11     | Found a roughly hewn altar of Beogh.
 14862 | D:11     | Found a staircase to the Orcish Mines.
 15125 | D:11     | Found a portal to a secret trove of treasure.
 15268 | Lair:1   | Entered Level 1 of the Lair of Beasts
 15457 | Lair:1   | Noticed a five-headed hydra
 15458 | Lair:1   | Noticed Fannar
 15566 | Lair:1   | Learned a level 4 spell: Airstrike
 15823 | Lair:1   | Killed a five-headed hydra
 16001 | Lair:1   | Killed Fannar
 16352 | Lair:1   | Reached ** piety under Ashenzari
 16995 | Lair:2   | Noticed a four-headed hydra
 17465 | Lair:2   | Killed a four-headed hydra
 18033 | Lair:3   | Reached *** piety under Ashenzari
 18155 | Lair:3   | Found a staircase to the Swamp.
 18265 | Lair:3   | Reached skill level 9 in Dodging
 18396 | Lair:3   | Found a hole to the Spider Nest.
 18828 | Lair:4   | Reached XP level 13. HP: 49/98 MP: 18/27
 20651 | Lair:4   | Upgraded the game from 0.23-a0-395-gcf17ac6 to
                  | 0.23-a0-396-g5214e5f
 20728 | Lair:5   | Reached **** piety under Ashenzari
 21052 | Lair:5   | Noticed Snorg
 21183 | Lair:4   | Killed Snorg
 22649 | Lair:5   | Found the +8 whip "Snakebite" {curare, rPois}
 22814 | Lair:6   | Entered Level 6 of the Lair of Beasts
 22847 | Lair:6   | Found a staircase to the Slime Pits.
 22847 | Lair:6   | Found a viscous altar of Jiyva.
 22954 | Lair:6   | Reached XP level 14. HP: 54/106 MP: 24/29
 23431 | Lair:5   | Reached skill level 10 in Dodging
 23715 | Lair:6   | Got the uncursed chain mail of Hainav {rCorr Str-3 Int-3
                  | Dex+8}
 24534 | Lair:5   | Reached skill level 10 in Stealth
 25136 | Lair:6   | Reached skill level 10 in Invocations
 25719 | D:12     | Reached ***** piety under Ashenzari
 26666 | D:12     | Killed Pikel
 27051 | D:11     | HP: 4/108 [phantasmal warrior[a death knight] (22)]
 27080 | D:11     | HP: 5/108 [phantasmal warrior[a death knight] (21)]
 27345 | Orc:1    | Entered Level 1 of the Orcish Mines
 27675 | D:8      | Bought a book of Misfortune for 240 gold pieces
 27680 | D:8      | Learned a level 3 spell: Confuse
 27817 | Orc:2    | Entered Level 2 of the Orcish Mines
 27817 | Orc:2    | Found a staircase to the Elven Halls.
 28133 | Orc:2    | Paralysed by an orc sorcerer for 6 turns
 28414 | Orc:2    | Reached XP level 15. HP: 108/114 MP: 10/30
 29517 | Orc:2    | Found Yporghiy's Weapon Boutique.
 29517 | Orc:2    | Found Fekoil's Book Shop.
 29523 | Orc:2    | Found Duezal's Distillery.
 29542 | Orc:2    | Found Xaofed's Gadget Shop.
 29584 | Orc:2    | Learned a level 4 spell: Petrify
 29588 | Orc:2    | Bought a potion of heal wounds for 85 gold pieces
 30366 | D:13     | Noticed an acid blob
 30767 | D:13     | Found a transporter.
 30883 | D:13     | Got the scimitar "Beetlebane" {slice, rC+}
 30884 | D:13     | Identified the +6 scimitar "Beetlebane" {slice, rC+} (You
                  | found it on level 13 of the Dungeon)
 30992 | D:13     | Found a gate to the Vaults.
 31141 | D:13     | Found a transporter.
 32063 | D:14     | Reached skill level 10 in Fighting
 32063 | D:14     | Reached skill level 10 in Short Blades
 32063 | D:14     | Reached skill level 10 in Long Blades
 32063 | D:14     | Reached skill level 10 in Axes
 32063 | D:14     | Reached skill level 10 in Maces & Flails
 32063 | D:14     | Reached skill level 10 in Polearms
 32063 | D:14     | Reached skill level 10 in Staves
 32063 | D:14     | Reached skill level 10 in Slings
 32063 | D:14     | Reached skill level 10 in Bows
 32063 | D:14     | Reached skill level 10 in Crossbows
 32063 | D:14     | Reached skill level 10 in Throwing
 32063 | D:14     | Reached skill level 10 in Armour
 32063 | D:14     | Reached skill level 10 in Shields
 32063 | D:14     | Reached skill level 10 in Unarmed Combat
 32063 | D:14     | Reached skill level 10 in Evocations
 32516 | D:14     | Reached skill level 11 in Dodging
 33307 | D:15     | Entered Level 15 of the Dungeon
 34450 | D:15     | Found a staircase to the Depths.
 34809 | D:15     | Reached XP level 16. HP: 123/123 MP: 30/32
 35052 | D:8      | Bought 3 scrolls of identify for 174 gold pieces
 35052 | D:8      | Identified a scroll of acquirement
 35116 | D:8      | Bought a potion of curing for 36 gold pieces
 35116 | D:8      | Bought a potion of heal wounds for 60 gold pieces
 35116 | D:8      | Bought a potion of heal wounds for 60 gold pieces
 35116 | D:8      | Bought a potion of curing for 36 gold pieces
 35346 | Swamp:1  | Entered Level 1 of the Swamp
 36138 | Swamp:1  | Noticed a thorn hunter
 36166 | Swamp:1  | Noticed a thorn hunter
 36686 | Swamp:1  | Killed a thorn hunter
 36848 | Swamp:1  | Killed a thorn hunter
 37117 | Spider:1 | Entered Level 1 of the Spider Nest
 37495 | Spider:1 | Reached skill level 12 in Dodging
 38743 | Spider:2 | Reached ****** piety under Ashenzari
 39443 | Spider:2 | Reached XP level 17. HP: 95/131 MP: 33/33
 40282 | Spider:3 | Found a roughly hewn altar of Beogh.
 40380 | Spider:4 | Entered Level 4 of the Spider Nest
 40687 | Spider:4 | Reached skill level 13 in Dodging
 40942 | Spider:4 | Noticed Arachne
 41535 | Spider:4 | Reached skill level 10 in Conjurations
 41535 | Spider:4 | Reached skill level 10 in Summonings
 41535 | Spider:4 | Reached skill level 10 in Translocations
 43435 | Spider:4 | Got a gossamer rune of Zot
 43585 | Spider:4 | Reached skill level 10 in Hexes
 43585 | Spider:4 | Reached skill level 10 in Charms
 43585 | Spider:4 | Reached skill level 10 in Necromancy
 43585 | Spider:4 | Reached skill level 10 in Transmutations
 43585 | Spider:4 | Reached skill level 10 in Fire Magic
 43585 | Spider:4 | Reached skill level 10 in Ice Magic
 43585 | Spider:4 | Reached skill level 10 in Air Magic
 43585 | Spider:4 | Reached skill level 10 in Earth Magic
 43585 | Spider:4 | Reached skill level 10 in Poison Magic
 43777 | Spider:4 | Killed Arachne
 43777 | Spider:4 | Reached XP level 18. HP: 115/139 MP: 26/35
 44403 | Orc:2    | Bought a book of Flames for 525 gold pieces
 44408 | Orc:2    | Learned a level 4 spell: Sticky Flame
 44640 | Swamp:1  | Identified the +7 chain mail of Hainav {rCorr Str-3 Int-3
                  | Dex+8} (You found it on level 6 of the Lair of Beasts)
 46116 | Swamp:3  | Reached skill level 14 in Dodging
 46586 | Swamp:3  | Identified the ring "Duiwar" {rPois rF+ rC+ MR+ Dex+3}
 47253 | Swamp:4  | Entered Level 4 of the Swamp
 49571 | Swamp:4  | Reached XP level 19. HP: 147/147 MP: 36/36
 49741 | Swamp:4  | Got a decaying rune of Zot
 50043 | Orc:2    | Bought a potion of haste for 170 gold pieces
 50217 | D:8      | Bought a potion of cancellation for 96 gold pieces
 50217 | D:8      | Bought a potion of haste for 120 gold pieces
 50217 | D:8      | Bought a potion of cancellation for 96 gold pieces
 50380 | D:11     | You paid a toll of 8 potions of haste to enter a treasure
                  | trove
 50381 | Trove    | Entered a treasure trove
 50384 | Trove    | Identified the cursed ring "Muxkujif" {rC+ MR++ Int-2
                  | Slay+2 SInv}
 50384 | Trove    | Identified the amulet "Kecsumomag" {Reflect Int+2 SH+5}
 50384 | Trove    | Identified the ring "Inenahio" {rC+ rN+ MR+++ Dex-5 SInv}
 50384 | Trove    | Identified the ring "Xarithy" {+Blink MP+9}
 50385 | Trove    | Identified the ring "Qiynko" {+Fly MR++ AC+2 Int+2 Slay-3}
 50385 | Trove    | Identified the cursed ring "Noatt" {Wiz rF+ Str+3}
 50612 | D:13     | Learned a level 1 spell: Flame Tongue
 50615 | D:13     | Learned a level 2 spell: Swiftness
 50617 | Vaults:1 | Entered Level 1 of the Vaults
 51610 | Vaults:1 | Reached skill level 15 in Dodging
 52973 | Vaults:1 | Found Naoqel's Distillery.
 53043 | Vaults:1 | Bought 2 potions of curing for 102 gold pieces
 53043 | Vaults:1 | Bought a potion of heal wounds for 85 gold pieces
 53876 | Vaults:2 | Found a magical portal.
 53909 | WizLab   | Entered Doroklohe's Tomb
 54683 | Vaults:2 | Reached XP level 20. HP: 155/155 MP: 32/38
 55107 | Vaults:2 | Found a staircase to the Crypt.
 55107 | Vaults:2 | Found an ancient bone altar of Kikubaaqudgha.
 55107 | Vaults:2 | Found a basalt altar of Yredelemnul.
 55864 | Vaults:2 | Reached skill level 16 in Dodging
 57934 | Vaults:3 | Reached XP level 21. HP: 163/163 MP: 39/39
 58389 | Vaults:3 | Got the cursed cloak of Guvaupie {+Blink rPois rN+++ MR-}
 58456 | Vaults:3 | Reached skill level 15 in Spellcasting
 59071 | Orc:2    | Bought a potion of resistance for 170 gold pieces
 59085 | Orc:2    | Learned a level 1 spell: Shock
 59123 | Elf:1    | Entered Level 1 of the Elven Halls
 59734 | Elf:1    | Identified the Volume of Conjuration and Summoning
 59790 | Elf:1    | Found Net Eff's Antique Armour Emporium.
 59815 | Elf:1    | Bought a pair of shimmering gloves for 275 gold pieces
 59828 | Elf:1    | Identified the +0 pair of gloves "Poene" {+Fly Dex+4
                  | Slay+2} (You bought it in a shop on level 1 of the Elven
                  | Halls)
 60900 | Elf:1    | Reached skill level 17 in Dodging
 60987 | Elf:1    | Identified the Catalogue of the Well-Known Allies
 61598 | Elf:2    | Reached skill level 15 in Invocations
 61867 | Elf:2    | Found a runed gate.
 61867 | Elf:2    | Found a runed gate.
 61870 | Elf:2    | Found a runed gate.
 62863 | Elf:3    | Entered Level 3 of the Elven Halls
 63108 | Elf:3    | Identified the cursed +0 cloak of Guvaupie {+Blink rPois
                  | rN+++ MR-} (You found it on level 3 of the Vaults)
 63245 | Elf:3    | Reached XP level 22. HP: 172/172 MP: 38/41
 63311 | Elf:3    | Found Weineiga's Antique Armour Shoppe.
 63324 | Elf:3    | Bought the +0 mask of the Dragon {MR+ Slay+3 SInv} for 1068
                  | gold pieces
 63324 | Elf:3    | Found the +0 mask of the Dragon {MR+ Slay+3 SInv}
 63506 | Elf:3    | Identified the cursed +3 scimitar of Sin {slice, Int+3}
 63508 | Elf:3    | Identified the amulet "Edwumoen" {Gourm Dex+6}
 63508 | Elf:3    | Identified the ring of Leaves {Fire rPois Dex+3 SInv}
 64005 | Elf:3    | Identified the +1 mace "Pium" {crush, +Blink rF+ Int+9
                  | Dex-3}
 64602 | Elf:3    | Identified Sorcery in Simple Steps
 65187 | Elf:3    | Identified the Disquisition on Attacks
 65467 | Elf:1    | Bought a pitted scale mail for 261 gold pieces
 65467 | Elf:1    | Identified the cursed +1 scale mail of Evolution {Dex+4}
                  | (You bought it in a shop on level 1 of the Elven Halls)
 65660 | D:13     | HP: 3/173 [large slime creature (21)]
 66329 | D:8      | Bought 2 potions of magic for 192 gold pieces
 66329 | D:8      | Bought 2 potions of resistance for 240 gold pieces
 66626 | Lair:6   | Identified the +7 chain mail of Hainav {rCorr Str-3 Int-3
                  | Dex+8} (You found it on level 6 of the Lair of Beasts)
 66650 | Lair:6   | Learned a level 3 spell: Regeneration
 66653 | Lair:6   | Learned a level 2 spell: Throw Frost
 66657 | Lair:6   | Upgraded the game from 0.23-a0-396-g5214e5f to
                  | 0.23-a0-398-g8eab93f
 66658 | Slime:1  | Entered Level 1 of the Pits of Slime
 67037 | Slime:2  | HP: 1/173 [large slime creature (26)]
 67038 | Slime:2  | Splashed with acid

Vault maps used:
D:1:      tarquinn_simple_flora_water_c
D:2:      uniq_jessica
D:3:      chequers_ecumenical_altar_simple_redux, chequers_serial_rivers_micro_b
D:4:      minmay_temple_entry_purple_smoke, first_ration, serial_shops,
          kennysheep_mini_moat
D:5:      sword_in_stone
D:6:      lemuel_crystal_altar, basic_altar
D:7:      uniq_harold, uniq_joseph
D:8:      serial_shops, nicolae_shop_window_shopping, shop,
          nicolae_shop_overgrown_old_shop, shop
D:9:      old_standard_altar, kennysheep_little_box,
          chequers_temple_overflow_statue_of_worship, enter_bailey_2, uniq_pikel
D:10:     uniq_urug
D:11:     david_lair_shrubbed, david_orc_5, basic_altar, enter_trove_2,
          hangedman_stone_soup
D:13:     gammafunk_jiyva_shrine, david_vaults_2, serial_corexii_hall,
          corexii_hall_statues_i, corexii_hall_statues_i
D:14:     hangedman_abyss_or_decor_stabs, serial_bayou_pond_e,
          nicolae_lava_and_water, minivault_14, laboratory
D:15:     hangedman_depths_entry_try_elsewhere_first, small_statue_alley_a
Temple:   regret_index_temple_generic_petals
Lair:1:   lemuel_fruit_fields, uniq_fannar
Lair:2:   chequers_serial_rivers_small_b, lemuel_fruit_tree, grunt_megastairs_5
Lair:3:   swamp_mist, spider_nest_entry_rubble, minivault_24, minivault_19,
          grunt_forest_stairs_clearing, infiniplex_staircase_pool
Lair:4:   beast_lair_carwin_7
Lair:5:   minmay_guarded_unrand_snakebite, chequers_serial_rivers_small_3,
          grunt_megastairs_4, uniq_snorg
Lair:6:   gammafunk_lair_ancient_temple, slime_altar_1
Swamp:1:  evilmike_swamp_ruin_house_1
Swamp:2:  serial_swamp_ruin, evilmike_swamp_ruin_wall,
          evilmike_swamp_ruin_rubble_1, evilmike_swamp_ruin_house_2
Swamp:3:  evilmike_swamp_ruin_house_3
Swamp:4:  swamp
Spider:3: nicolae_spider_mines_2
Spider:4: johnstein_spider_rune_arachne_lair, spiders_nest_the_unseen,
          uniq_arachne
Slime:2:  cheibrodos_slime_lost_civilization_6
Orc:2:    st_orc_mages, mines2_lemuel
Elf:1:    minmay_the_grid_octo_tiled_squarecenter_mashed, serial_shops, shop,
          minmay_elf_sorcery
Elf:3:    elf_hall, serial_shops, shop, minmay_elf_annihilation
Vaults:1: vaults_room_pool, nicolae_vaults_little_squares_4, st_lines,
          v_misc_24, grunt_vaults_diagonal, nicolae_vaults_twisting_passages,
          ontoclasm_vaults_twist, v_misc_27, v_misc_24, hangedman_vaults_impose,
          vaults_room_corners, grunt_vaults_trifunnel, serial_shops, shop
Vaults:2: serial_ice_h, nicolae_vaults_rhombus_5,
          dpeg_vaults_pockets_of_resistance, ontoclasm_vaults_bender,
          nicolae_vaults_yaktaur_gun_rack, minmay_crypt_entry_necro_gods,
          hangedman_vaults_stagger, nicolae_vaults_little_squares_4,
          v_pattern_3, vaults_room_pool, lightli_enter_wizlab_magi_temple
Vaults:3: dpeg_vaults_monster_box, v_misc_33, ontoclasm_vaults_loading_screen,
          nicolae_vaults_rhombus_6, nicolae_vaults_little_squares_6,
          v_pattern_5, nicolae_vaults_little_squares_4,
          hangedman_vaults_corner_blocks, ontoclasm_vaults_gateway,
          vaults_mumra_hexcomb, hangedman_vaults_nails, vaults_dpeg_diagonal,
          v_misc_5
Trove:    trove_jewel_2
Bailey:   bailey_axe_minmay_hex_keep, bailey
WizLab:   wizlab_doroklohe

Skill      XL: |  1  2  3  4  5  6  7  8  9 10 11 12 13 14 15 16 17 18 19 20 21 |
---------------+----------------------------------------------------------------+-----
Conjurations   | 2 3 4 5 6 7 8 9 10 11 12 | 12.6
Summonings     | 2 3 4 5 6 7 8 9 10 11 12 | 12.6
Translocations | 2 3 4 5 6 7 8 9 10 11 12 | 12.6
Invocations    | 1 2 3 4 5 6 7 8 9 10 11 12 13 14 15 | 15.6
Fighting       | 1 2 3 4 5 6 7 8 9 10 11 12 13 14 | 14.5
Short Blades   | 1 2 3 4 5 6 7 8 9 10 11 12 13 14 | 14.5
Long Blades    | 1 2 3 4 5 6 7 8 9 10 11 12 13 14 | 14.5
Axes           | 1 2 3 4 5 6 7 8 9 10 11 12 13 14 | 14.5
Maces & Flails | 1 2 3 4 5 6 7 8 9 10 11 12 13 14 | 14.5
Polearms       | 1 2 3 4 5 6 7 8 9 10 11 12 13 14 | 14.5
Staves         | 1 2 3 4 5 6 7 8 9 10 11 12 13 14 | 14.5
Slings         | 1 2 3 4 5 6 7 8 9 10 11 12 13 14 | 14.5
Bows           | 1 2 3 4 5 6 7 8 9 10 11 12 13 14 | 14.5
Crossbows      | 1 2 3 4 5 6 7 8 9 10 11 12 13 14 | 14.5
Throwing       | 1 2 3 4 5 6 7 8 9 10 11 12 13 14 | 14.5
Armour         | 1 2 3 4 5 6 7 8 9 10 11 12 13 14 | 14.5
Shields        | 1 2 3 4 5 6 7 8 9 10 11 12 13 14 | 14.5
Unarmed Combat | 1 2 3 4 5 6 7 8 9 10 11 12 13 14 | 14.5
Evocations     | 1 2 3 4 5 6 7 8 9 10 11 12 13 14 | 14.5
Hexes          | 1 2 3 4 5 6 7 8 9 10 11 12 | 12.4
Charms         | 1 2 3 4 5 6 7 8 9 10 11 12 | 12.4
Necromancy     | 1 2 3 4 5 6 7 8 9 10 11 12 | 12.4
Transmutations | 1 2 3 4 5 6 7 8 9 10 11 12 | 12.4
Fire Magic     | 1 2 3 4 5 6 7 8 9 10 11 12 | 12.4
Ice Magic      | 1 2 3 4 5 6 7 8 9 10 11 12 | 12.4
Air Magic      | 1 2 3 4 5 6 7 8 9 10 11 12 | 12.4
Earth Magic    | 1 2 3 4 5 6 7 8 9 10 11 12 | 12.4
Poison Magic   | 1 2 3 4 5 6 7 8 9 10 11 12 | 12.4
Dodging        | 5 6 7 8 9 10 11 12 13 14 15 16 17 | 17.9
Stealth        | 5 6 7 8 9 10 11 12 13 14 | 14.9
Spellcasting   | 8 9 10 11 12 13 14 15 | 15.7

Action                   |  1- 3 |  4- 6 |  7- 9 | 10-12 | 13-15 | 16-18 | 19-21 | 22-24 || total
-------------------------+-------+-------+-------+-------+-------+-------+-------+-------++-------
Melee: Unarmed           |     1 |       |       |       |       |       |       |       ||     1
       Whip              |     3 |    47 |   145 |   883 |  1634 |  1939 |  2137 |   446 ||  7234
       Short sword       |     3 |       |       |       |       |       |       |       ||     3
       Bite              |       |     4 |    10 |   111 |   227 |   237 |   316 |    77 ||   982
       Punch             |       |       |     3 |    11 |       |       |       |       ||    14
       Dagger            |       |       |       |    20 |    53 |       |       |       ||    73
       Flail             |       |       |       |       |       |       |     4 |       ||     4
 Cast: Magic Dart        |    70 |   125 |   253 |   587 |   422 |   363 |   100 |    10 ||  1930
       Mephitic Cloud    |     1 |     2 |    19 |    69 |    64 |    62 |   138 |    14 ||   369
       Call Imp          |       |       |     3 |    16 |    33 |       |       |       ||    52
       Blink             |       |       |     2 |     2 |     6 |       |       |       ||    10
       Airstrike         |       |       |       |    21 |   157 |   198 |    56 |    17 ||   449
       Confuse           |       |       |       |       |     2 |    49 |    29 |     5 ||    85
       Petrify           |       |       |       |       |     1 |       |       |       ||     1
       Sticky Flame      |       |       |       |       |       |    68 |    36 |    16 ||   120
       Conjure Flame     |       |       |       |       |       |     1 |       |       ||     1
Invok: Curse Item        |       |       |       |     3 |     2 |     2 |       |     2 ||     9
 Abil: Stop Flying       |       |       |       |       |       |       |       |     1 ||     1
       Evoke Blink       |       |       |       |       |       |       |       |     1 ||     1
Evoke: Wand              |       |       |       |       |       |     3 |     1 |       ||     4
  Use: Scroll            |       |     5 |     6 |    16 |    11 |    17 |     3 |     6 ||    64
       Potion            |       |       |     1 |     1 |     6 |     5 |     3 |     6 ||    22
 Stab: Confused          |       |       |     9 |    23 |    62 |    58 |   162 |    21 ||   335
       Sleeping          |       |       |       |     3 |    17 |     5 |    20 |       ||    45
       Distracted        |       |       |       |       |     3 |     4 |     7 |     3 ||    17
       Held in net/web   |       |       |       |       |       |     3 |       |       ||     3
  Eat: Chunk             |       |     5 |     7 |    19 |    33 |     5 |    26 |    25 ||   120
       Ration            |       |     1 |     1 |     6 |     6 |    13 |     5 |       ||    32
Armor: Robe              |     6 |    15 |    65 |    39 |       |       |       |       ||   125
       Troll leather arm |       |       |       |   213 |   331 |       |       |       ||   544
       Acid dragon scale |       |       |       |       |    13 |   612 |   253 |    64 ||   942
Dodge: Dodged            |    17 |    39 |   187 |   781 |   854 |  2090 |   787 |   312 ||  5067
       Deflected         |       |       |       |       |       |     7 |    70 |    22 ||    99
Block: Buckler           |       |       |       |   170 |   492 |   940 |   459 |   164 ||  2225

Table legend:
 A = Non-vault XP
 B = Vault XP
 C = Vault XP percentage of total XP
 D = Non-vault monster count
 E = Vault monster count
 F = Vault count percentage of total count
                 A         B        C        D         E       F
            +---------+---------+-------+---------+---------+-------
      Total |  386702 |  281631 |  42.1 |    1175 |     536 |  31.3
            +---------+---------+-------+---------+---------+-------
        D:1 |      37 |       0 |   0.0 |      22 |       0 |   0.0
        D:2 |      83 |      37 |  30.8 |      17 |       1 |   5.6
        D:3 |     149 |       0 |   0.0 |      23 |       0 |   0.0
        D:4 |     530 |       0 |   0.0 |      25 |       0 |   0.0
        D:5 |     419 |     626 |  59.9 |      12 |       5 |  29.4
        D:6 |     754 |       0 |   0.0 |      19 |       0 |   0.0
        D:7 |    2217 |    1473 |  39.9 |      23 |       2 |   8.0
        D:8 |    1647 |       0 |   0.0 |      26 |       0 |   0.0
        D:9 |    1425 |       0 |   0.0 |      14 |       0 |   0.0
       D:10 |    4840 |    1574 |  24.5 |      40 |       5 |  11.1
       D:11 |    4187 |    1920 |  31.4 |      29 |      23 |  44.2
       D:12 |    9479 |    1481 |  13.5 |      45 |       2 |   4.3
       D:13 |    5767 |    6064 |  51.3 |      25 |       7 |  21.9
       D:14 |   11823 |    3147 |  21.0 |      43 |      13 |  23.2
       D:15 |   10650 |    2676 |  20.1 |      34 |       5 |  12.8
     Lair:1 |    1548 |     958 |  38.2 |       6 |       1 |  14.3
     Lair:2 |    3204 |    1233 |  27.8 |      13 |       6 |  31.6
     Lair:3 |    2620 |    2586 |  49.7 |      11 |       8 |  42.1
     Lair:4 |    5655 |    4215 |  42.7 |      16 |       8 |  33.3
     Lair:5 |   10130 |    4713 |  31.8 |      31 |      17 |  35.4
     Lair:6 |    9009 |    6752 |  42.8 |      30 |      17 |  36.2
    Swamp:1 |   21524 |       0 |   0.0 |      43 |       0 |   0.0
    Swamp:2 |    6930 |       0 |   0.0 |      24 |       0 |   0.0
    Swamp:3 |   19037 |    1597 |   7.7 |      34 |       2 |   5.6
    Swamp:4 |   17456 |   17810 |  50.5 |      41 |      27 |  39.7
   Spider:1 |   16881 |       0 |   0.0 |      54 |       0 |   0.0
   Spider:2 |   21607 |       0 |   0.0 |      61 |       0 |   0.0
   Spider:3 |   16629 |   11254 |  40.4 |      50 |      22 |  30.6
   Spider:4 |   14869 |   21797 |  59.4 |      46 |      38 |  45.2
    Slime:1 |    5303 |       0 |   0.0 |      11 |       0 |   0.0
    Slime:2 |    5367 |       0 |   0.0 |      10 |       0 |   0.0
      Orc:1 |    1662 |       0 |   0.0 |      10 |       0 |   0.0
      Orc:2 |    2903 |    4836 |  62.5 |      32 |      43 |  57.3
      Elf:1 |   12573 |   28583 |  69.5 |      23 |      45 |  66.2
      Elf:2 |   16975 |   24807 |  59.4 |      32 |      33 |  50.8
      Elf:3 |   17729 |   46612 |  72.4 |      25 |      38 |  60.3
   Vaults:1 |   31851 |   27287 |  46.1 |      43 |      39 |  47.6
   Vaults:2 |   26415 |   34179 |  56.4 |      54 |      44 |  44.9
   Vaults:3 |   44818 |   20331 |  31.2 |      78 |      28 |  26.4
     Bailey |       0 |    1905 | 100.0 |       0 |      55 | 100.0
     WizLab |       0 |    1178 | 100.0 |       0 |       2 | 100.0
            +---------+---------+-------+---------+---------+-------
